 Dungeon Crawl Stone Soup version 0.17-a0-1914-gde4187c (webtiles) character file.

501 tp1 the Protected (level 7, -7/61 HPs)
             Began as a Gargoyle Berserker on Sept 26, 2015.
             Was a Priest of Trog.
             Mangled by an ogre
             ... wielding a +0 giant club
              (15 damage)
             ... on level 4 of the Dungeon.
             The game lasted 00:14:58 (2841 turns).

tp1 the Protected (Gargoyle Berserker)              Turns: 2841, Time: 00:14:58

Health: -7/61      AC: 12    Str: 27    XL:     7   Next: 17%
Magic:  7/7        EV: 10    Int:  8    God:    Trog [***...]
Gold:   209        SH:  0    Dex:  9    Spells: 0 memorised, 6 levels left

rFire  . . .     SeeInvis .     m - +0 hand axe
rCold  . . .     Clarity  .     q - +0 scale mail
rNeg   + . .     SustAt   .     (no shield)
rPois  ∞         Gourm    .     (no helmet)
rElec  +         Spirit   .     (no cloak)
rCorr  .         Warding  .     (no gloves)
rMut   .         Stasis   .     (no boots)
MR     ++...                    (no amulet)
Stlth  ..........               (no ring)
                                (no ring)

@: berserking, regenerating, very quick, very resistant to hostile enchantments,
extremely unstealthy
A: negative energy resistance 1, electricity resistance, unbreathing,
petrification resistance, rot immunity, AC +4
a: Burn Spellbooks, Berserk, Trog's Hand, Renounce Religion


You were on level 4 of the Dungeon.
You worshipped Trog.
Trog was most pleased with you.
You were not hungry.

You visited 1 branch of the dungeon, and saw 4 of its levels.

You collected 209 gold pieces.

Inventory:

Hand weapons
 a - a +0 hand axe
 m - a +0 hand axe (weapon)
Armour
 b - a +0 animal skin
 q - a +0 scale mail (worn)
Magical devices
 y - a wand of heal wounds (1)
Scrolls
 d - 2 scrolls of immolation {unknown}
 e - 2 scrolls of remove curse {unknown}
 g - 2 scrolls of noise {unknown}
 h - 4 scrolls of identify {unknown}
 j - a scroll of enchant weapon {unknown}
 n - a scroll of blinking {unknown}
 p - a scroll of enchant armour {unknown}
 r - a scroll of fear {unknown}
 v - a scroll of magic mapping {unknown}
 w - a scroll of random uselessness {unknown}
 x - a scroll of fog {unknown}
Potions
 f - a potion of ambrosia {unknown}
 k - 2 potions of agility {unknown}
 o - a potion of lignification {unknown}
 s - 2 potions of curing {unknown}
 t - a potion of degeneration {unknown}
 u - a potion of might
 z - a potion of haste {unknown}
 A - a potion of brilliance {unknown}
Comestibles
 c - 2 bread rations
 i - 3 royal jellies
 l - a meat ration
 B - 4 chunks of flesh


   Skills:
 - Level 3.4 Fighting
 - Level 2.8 Axes
 + Level 8.0 Armour
 - Level 1.9 Dodging


You had 6 spell levels left.
You didn't know any spells.

Dungeon Overview and Level Annotations

Branches:
Dungeon (4/15)             Temple (0/1) D:4

Altars:
Cheibriados
Elyvilon


Innate Abilities, Weirdness & Mutations

You are resistant to torment.
Your stone body is resilient (AC +4).
You are immune to poison.
You resist negative energy.
You are resistant to electric shocks.
You can survive without breathing.
You are immune to petrification.
You are immune to rotting.


Message History

You hit the ogre.
The ogre is heavily wounded.
The ogre hits you but does no damage.
You hit the ogre.
The ogre is severely wounded.
The ogre hits you with a giant club!
You closely miss the ogre.
The ogre is severely wounded.
The ogre hits you with a giant club!!
Ouch! That really hurt!
* * * LOW HITPOINT WARNING * * *
Use which ability?
Your skin crawls.
You feel resistant to hostile enchantments.
You feel slightly more hungry. The ogre barely misses you.
Use which ability?
A red film seems to cover your vision as you go berserk!
You feel yourself moving faster!
You feel mighty!
You feel somewhat more hungry. The ogre hits you with a giant club!
You die...

#.##≈ #.# .#
#.#.. ##.# .#
#.... #... .#
###.. ##..#
###.# # ##≈
#.... ...#####.#
#≈ #...#
#....... ##
#...####.###.###
#
#.$..O@....÷...#
#
#..#####.###.#.#
# #.[ #.# #.#.#
# .... ... ..#<#
# ###..
##(#####.# # ...
#.# #.# # #...
..# #.#### #
#... ### #....#
# ####.# #


You could see an ogre.

Vanquished Creatures
  Sigmund (D:3)
  Menkaure (D:4)
  Ijyb (D:3)
  A worker ant (D:4)
  Jessica (D:3)
  Robin (D:3)
  4 adders
  3 worms (D:2)
  6 giant geckos
  7 orcs
  2 ball pythons
  3 giant cockroaches
  13 goblins
  11 hobgoblins
  3 quokkas (D:4)
  9 bats
  2 giant newts (D:3)
  8 kobolds
  7 rats
84 creatures vanquished.

Notes
Turn   | Place    | Note
--------------------------------------------------------------
     0 | D:1      | tp1 the Gargoyle Berserker began the quest for the Orb.
     0 | D:1      | Reached XP level 1. HP: 14/14 MP: 1/1
   373 | D:1      | Reached XP level 2. HP: 19/19 MP: 2/2
   786 | D:1      | Reached XP level 3. HP: 21/23 MP: 3/3
  1231 | D:2      | Acquired Trog's second power
  1437 | D:2      | Reached skill level 4 in Armour
  1437 | D:2      | Reached XP level 4. HP: 13/28 MP: 4/4
  1505 | D:2      | Found a snail-covered altar of Cheibriados.
  1564 | D:3      | Noticed Jessica
  1580 | D:3      | Killed Jessica
  1822 | D:3      | Reached skill level 5 in Armour
  1866 | D:3      | Noticed Sigmund
  1876 | D:3      | Killed Sigmund
  1876 | D:3      | Reached skill level 6 in Armour
  1876 | D:3      | Reached XP level 5. HP: 32/32 MP: 5/5
  1876 | D:3      | Reached XP level 6. HP: 37/37 MP: 6/6
  1976 | D:3      | Noticed Robin
  1986 | D:3      | Killed Robin
  2076 | D:3      | Noticed Ijyb
  2101 | D:3      | Killed Ijyb
  2101 | D:3      | Reached skill level 7 in Armour
  2562 | D:4      | Found a white marble altar of Elyvilon.
  2668 | D:4      | Found a staircase to the Ecumenical Temple.
  2674 | D:4      | Noticed Menkaure
  2684 | D:4      | Killed Menkaure
  2684 | D:4      | Reached skill level 8 in Armour
  2684 | D:4      | Reached XP level 7. HP: 41/41 MP: 7/7
  2841 | D:4      | Mangled by an ogre

Vault maps used:
D:1:      roderic_octagonal_star
D:2:      lemuel_doored_altar, grunt_decor_arrowhead
D:3:      first_bread, uniq_iyjb, uniq_sigmund, uniq_robin, uniq_jessica
D:4:      elyvilon_altar_4, minmay_temple_entry_glassed_door,
          serial_bayou_lagoon_b, uniq_menkaure

Action                   |  1- 3 |  4- 6 |  7- 9 || total
-------------------------+-------+-------+-------++-------
Melee: Hand axe          |   140 |   146 |    32 ||   318
Invok: Berserk           |     2 |     5 |     1 ||     8
       Trog's Hand       |       |     2 |     1 ||     3
  Eat: Chunk             |     4 |     8 |       ||    12
       Bread ration      |       |       |     1 ||     1
